Map: Echo LE (Void)

Players

LonelyRoach

  • Race: Zerg Zerg
  • League: Diamond
  • Spawn Location: 5:00

Musumeci - Winner!

  • Race: Zerg Zerg
  • League: Diamond
  • Spawn Location: 11:00

VOD

Have the link to the VOD?

Description

Time

  • Played on: Jan. 20, 2017, 7:07 a.m.
  • Length: 9:21
Show
View Real Time Build Order
Export as new Build Order

LonelyRoach Zerg 

Build Orders: Pool First 

Get SALT Encoding   

  12  0:01  Drone  
  13  0:08  Drone  
  13  0:11  Extractor  
  13  0:16  Drone  
  14  0:32  Spawning Pool  
  13  0:37  Drone  
  13  0:42  Extractor  
  13  0:44  Drone  
  15  0:53  Overlord  
  15  1:19  Zergling x6  
  15  1:23  Metabolic Boost  
  18  1:33  Zergling x2  
  18  1:38  Queen  
  21  1:47  Zergling x2  
  22  2:03  Overlord  
  22  2:09  Hatchery  
  21  2:23  Drone x2  
  21  2:24  Queen  
  25  2:31  Zergling x2  
  27  2:44  Zergling x2  
  27  2:53  Zergling x6  
  30  3:11  Zergling x2  
  29  3:25  Drone x2  
  31  3:32  Queen  
  33  3:36  Drone x2  
  35  3:42  Zergling x2  
  35  3:46  Spine Crawler  
  35  3:54  Zergling x2  
  36  3:55  Zergling x2, Baneling Nest  
  32  4:27  Zergling x14  
  32  4:28  Zergling x2  
  34  4:35  Zergling x2  
  35  4:55  Overlord x2  
  35  5:09  Drone x2  
  35  5:10  Drone, Zergling x2  
  35  5:11  Zergling x2  
  36  5:15  Zergling x8  
  36  5:16  Zergling x2  
  41  5:34  Baneling x2  
  41  5:35  Baneling x4  
  41  5:37  Drone x3  
  42  6:10  Baneling x2  
  41  6:18  Zergling x24  
  33  6:19  Zergling x2  
  41  6:28  Zergling x6  
  31  6:49  Queen, Drone x3  
  31  6:50  Zergling x2  
  31  6:51  Zergling x4  
  39  6:55  Drone  
  40  7:03  Drone  
  40  7:06  Evolution Chamber  
  40  7:08  Baneling x4  
  40  7:09  Baneling  
  40  7:13  Zergling x4  
  42  7:22  Zergling x2  
  42  7:23  Zergling x4  
  44  7:36  Zergling x4  
  41  7:47  Zergling x6  
  37  8:10  Zergling x2  
  37  8:11  Zergling x12  
  38  8:13  Queen  
  38  8:14  Zergling x4  
  38  8:15  Zergling x2  
  41  8:27  Zergling x4  
  41  8:30  Baneling  
  41  8:31  Baneling x3  
  43  8:35  Overlord x2  
  43  8:41  Baneling  
  40  9:01  Zergling x4  
  40  9:02  Zergling x14  
  35  9:03  Zergling x2  
Show
View Real Time Build Order
Export as new Build Order

Musumeci Zerg - Winner!

Build Orders: Pool First, Zergling Baneling 

Get SALT Encoding   

  12  0:01  Drone  
  13  0:07  Drone  
  13  0:13  Extractor  
  13  0:15  Drone  
  15  0:22  Overlord  
  15  0:40  Drone x2  
  17  0:46  Spawning Pool  
  17  0:49  Drone  
  17  0:53  Extractor  
  16  0:59  Drone  
  17  1:23  Evolution Chamber  
  16  1:33  Zergling x6  
  19  1:45  Hatchery, Zergling x2  
  19  1:55  Queen  
  19  2:00  Zergling x2  
  22  2:08  Metabolic Boost  
  22  2:21  Overlord  
  22  2:27  Baneling Nest  
  21  2:39  Zergling x4  
  23  2:50  Zergling x4  
  25  3:07  Zergling x8  
  25  3:17  Zergling x2  
  26  3:36  Hatchery  
  26  3:38  Baneling x2  
  26  3:40  Baneling x2  
  25  3:42  Baneling x2  
  25  3:47  Zergling x4  
  27  4:09  Baneling  
  25  4:10  Baneling  
  22  4:20  Zergling x10  
  22  4:32  Zergling x6  
  25  4:41  Baneling x2  
  25  4:46  Zergling x2  
  25  4:49  Queen  
  28  4:58  Baneling x2  
  28  5:10  Baneling x2  
  28  5:15  Zergling x8  
  28  5:18  Baneling  
  28  5:20  Baneling  
  32  5:41  Baneling x2  
  32  5:42  Zergling x6  
  36  5:50  Drone  
  31  6:18  Baneling x2, Zergling x2  
  26  6:19  Zergling x12  
  26  6:23  Drone  
  30  6:44  Zergling x10  
  33  6:47  Baneling  
  33  6:53  Drone  
  33  7:02  Baneling x2  
  33  7:03  Zergling x4  
  35  7:08  Overlord  
  35  7:36  Baneling x6, Zergling x2  
  35  7:37  Zergling x6  
  34  7:47  Zergling x6  
  31  8:12  Zergling x2  
  27  8:20  Zergling x2  
  27  8:21  Zergling x16  
  36  8:29  Baneling  
  36  8:30  Baneling  
  36  8:33  Drone x3  
  39  8:39  Baneling x2  
  33  9:03  Zergling x16  
Tags
 
Add a new tag
Caveats
  • Supply blocks, unpowered buildings, or Contaminate may cause inaccurate times.
  • Supply counts are checked every 10 seconds.